 Dungeon Crawl Stone Soup version 0.26-a0-831-g7192265339 (webtiles) character file.

Game seed: 3701716257702451612

62 kreisler the Vexing (level 4, 0/51 HPs)
             Began as a Gnoll Arcane Marksman on Nov 15, 2020.
             Succumbed to a worker ant's poison
             ... on level 2 of the Dungeon.
             The game lasted 00:08:58 (1106 turns).

kreisler the Vexing (Gnoll Arcane Marksman)         Turns: 1106, Time: 00:08:58

Health: 0/51       AC: 22    Str: 11 (13) XL:     4   Next: 8%
Magic:  7/8        EV:  2    Int: 12 (15) God:
Gold:   95         SH:  0    Dex: 14 (16) Spells: 7/8 levels left

rFire    . . .     SeeInvis .   a - +0 shortbow
rCold    . . .     Faith    .   (shield currently unavailable)
rNeg     + + +     Spirit   .   (armour currently unavailable)
rPois    +         Reflect  .   (helmet currently unavailable)
rElec    .         Harm     .   (cloak currently unavailable)
rCorr    .         Rampage  .   (gloves currently unavailable)
MR       .....     NoTele   +   (boots currently unavailable)
Stlth    ++........             (no amulet)
HPRegen  0.17/turn              (no ring)
MPRegen  0.11/turn              (no ring)

@: lethally poisoned (0 -> -2), tree-form
A: distributed training, strong nose
a: no special abilities


You were on level 2 of the Dungeon.
You were a tree.
You visited 1 branch of the dungeon, and saw 2 of its levels.

You collected 95 gold pieces.

Inventory:

Hand Weapons
 a - a +0 shortbow (weapon)
 c - a +3 dagger
Missiles
 d - 6 arrows (quivered)
Armour
 e - a +0 robe (melded)
Scrolls
 b - a scroll of blinking {unknown}
 f - a scroll of enchant weapon {unknown}
 h - a scroll of teleportation {unknown}
 i - a scroll of magic mapping {unknown}


   Skills:
 + Level 2.7 Fighting
 + Level 1.0 Short Blades
 + Level 1.0 Long Blades
 + Level 1.0 Axes
 + Level 1.0 Maces & Flails
 + Level 1.0 Polearms
 + Level 1.0 Staves
 + Level 1.0 Slings
 + Level 4.6 Bows
 + Level 1.0 Crossbows
 + Level 1.0 Throwing
 + Level 1.0 Armour
 + Level 4.6 Dodging
 + Level 1.0 Stealth
 + Level 1.0 Shields
 + Level 1.0 Unarmed Combat
 + Level 2.9 Spellcasting
 + Level 0.7 Conjurations
 + Level 5.4 Hexes
 + Level 0.7 Summonings
 + Level 0.7 Necromancy
 + Level 0.7 Translocations
 + Level 0.7 Transmutations
 + Level 0.7 Fire Magic
 + Level 0.7 Ice Magic
 + Level 0.7 Air Magic
 + Level 0.7 Earth Magic
 + Level 0.7 Poison Magic
 + Level 1.1 Invocations
 + Level 1.0 Evocations


You had 7 spell levels left.
You knew the following spells:

 Your Spells              Type           Power        Failure   Level
a - Corona                Hex            ##.....      2%          1

Your spell library contained the following spells:

 Spells                   Type           Power        Failure   Level
 Slow                     Hex            ##......     4%          2
 Inner Flame              Hex/Fire       #.......     21%         3
 Portal Projectile        Hex/Tloc       #.....       21%         3
 Cause Fear               Hex            ##........   26%         4
 Leda's Liquefaction      Hex/Erth       #.........   56%         4


Dungeon Overview and Level Annotations

Branches:
Dungeon (2/15)

Altars:


Innate Abilities, Weirdness & Mutations

Your experience applies equally to all skills.
((You have very sharp teeth.))
Your uncanny sense of smell can sniff out nearby items.


Message History

* * * LOW HITPOINT WARNING * * *
You feel sick.
It was a potion of lignification.
You turn into a tree.
Your +0 robe melds into your body.
Your roots penetrate the ground.
It was a potion of degeneration.
There was something very wrong with that liquid.
You feel weakened.
You feel dopey.
You feel clumsy.
* * * LOW HITPOINT WARNING * * *
You feel sick.
You cannot move.
You cannot move.
You cannot move.
You cannot move.
You cannot move.
You cannot move.
You cannot move.
You cannot move.
* * * LOW HITPOINT WARNING * * *
You feel sick.
You die...

#.####.# ##.#.#
#...##.#####.#.#
###.##.(..##.#.#
#.#####.##.#.# #.#
#.##.#.####### #.#
#.##..........
#.#####.##.#.#######
##.##...†....<.......
##...#.##♣#...........
#..#.....(...#########
#####....#.###.#.#
##...#.#.##.# #.#.#
#.###.....#.# #.#.#
#.#.....#.#.# (#.
#.#.#.....#.# .#.
##...#.###..# .#
##.##.# #.##


There were no monsters in sight!

Vanquished Creatures
  A worker ant (D:2)
  A gnoll (D:1)
  A worm (D:2)
  A dart slug (D:1)
  A leopard gecko (D:2)
  A giant cockroach (D:1)
  3 goblins
  5 hobgoblins
  3 bats
  A frilled lizard (D:1)
  2 kobolds (D:1)
  5 rats (D:1)
25 creatures vanquished.

Notes
Turn   | Place    | Note
-------+----------+-------------------------------------------
     0 | D:1      | kreisler the Gnoll Arcane Marksman began the quest for the
                  | Orb.
     0 | D:1      | Reached XP level 1. HP: 17/17 MP: 4/4
   103 | D:1      | Reached XP level 2. HP: 23/23 MP: 5/5
   627 | D:1      | Reached XP level 3. HP: 28/28 MP: 7/7
  1042 | D:2      | Reached skill level 1 in Invocations
  1088 | D:2      | Reached skill level 1 in Short Blades
  1088 | D:2      | Reached skill level 1 in Long Blades
  1088 | D:2      | Reached skill level 1 in Axes
  1088 | D:2      | Reached skill level 1 in Maces & Flails
  1088 | D:2      | Reached skill level 1 in Polearms
  1088 | D:2      | Reached skill level 1 in Staves
  1088 | D:2      | Reached skill level 1 in Slings
  1088 | D:2      | Reached skill level 1 in Crossbows
  1088 | D:2      | Reached skill level 1 in Throwing
  1088 | D:2      | Reached skill level 1 in Armour
  1088 | D:2      | Reached skill level 1 in Stealth
  1088 | D:2      | Reached skill level 1 in Shields
  1088 | D:2      | Reached skill level 1 in Unarmed Combat
  1088 | D:2      | Reached skill level 1 in Evocations
  1088 | D:2      | Reached XP level 4. HP: 8/34 MP: 5/8
  1098 | D:2      | HP: 1/34 [poisoned by a worker ant]
  1103 | D:2      | HP: 1/51 [poisoned by a worker ant]
  1106 | D:2      | Succumbed to a worker ant's poison

Illustrated notes

Levels and vault maps discovered:
D:1:      dpeg_arrival_windows_large_door, layout_loops_corners,
          hangedman_decor_points
D:2:      layout_loops_ring, uniq_crazy_yiuf_cottage

Skill      XL: |  1  2  3 |
---------------+----------+-----
Invocations    | 1 |  1.1
Short Blades   | 1 |  1.0
Long Blades    | 1 |  1.0
Axes           | 1 |  1.0
Maces & Flails | 1 |  1.0
Polearms       | 1 |  1.0
Staves         | 1 |  1.0
Slings         | 1 |  1.0
Crossbows      | 1 |  1.0
Throwing       | 1 |  1.0
Armour         | 1 |  1.0
Stealth        | 1 |  1.0
Shields        | 1 |  1.0
Unarmed Combat | 1 |  1.0
Evocations     | 1 |  1.0
Fighting       | |  2.7
Bows           | |  4.6
Dodging        | |  4.6
Spellcasting   | |  2.9
Conjurations   | |  0.7
Hexes          | |  5.4
Summonings     | |  0.7
Necromancy     | |  0.7
Translocations | |  0.7
Transmutations | |  0.7
Fire Magic     | |  0.7
Ice Magic      | |  0.7
Air Magic      | |  0.7
Earth Magic    | |  0.7
Poison Magic   | |  0.7

Action                   |  1- 3 |  4- 6 || total
-------------------------+-------+-------++-------
 Fire: Shortbow          |    82 |       ||    82
 Cast: Corona            |     3 |       ||     3
  Use: Potion            |       |     2 ||     2
Armor: Robe              |     3 |       ||     3
Dodge: Dodged            |    16 |       ||    16

Table legend: (Time is in decaauts)
 A = Elapsed time spent in this place.
 B = Non-inter-level travel time spent in this place.
 C = Inter-level travel time spent in this place.
 D = Time resting spent in this place.
 E = Time spent auto-exploring this place.
 F = Levels seen in this place.
 G = Mean time per level.
                   A        B        C        D        E       F      G
               +--------+--------+--------+--------+--------+-----+--------+
         Total |   1112 |   1112 |      0 |      0 |    681 |   2 |  556.0 |
       Dungeon |   1112 |   1112 |      0 |      0 |    681 |   2 |  556.0 |
               +--------+--------+--------+--------+--------+-----+--------+

Top non-repeatable levels by time:
     D:1: 952 daAuts
     D:2: 159 daAuts
